 Dungeon Crawl Stone Soup version 0.28-a0-862-g58c29a6370 (webtiles) character file.

Game seed: 3223960264546729089

3591 kuralesov1213 the Thaumaturge (level 9, -4/42 HPs)
             Began as a Spriggan Venom Mage on Nov 15, 2021.
             Was an Initiate of Ashenzari.
             Killed from afar by a gargoyle (31 damage)
             ... with a stone arrow
             ... on level 7 of the Dungeon on Nov 16, 2021.
             The game lasted 02:35:11 (9625 turns).

kuralesov1213 the Thaumaturge (Spriggan Venom Mage) Turns: 9625, Time: 02:35:12

Health: -4/42      AC:  0    Str:  4    XL:     9   Next: 85%
Magic:  15/23      EV: 18    Int: 19    God:    Ashenzari [......]
Gold:   324        SH:  0    Dex: 16    Spells: 4/27 levels left

rFire   . . .      SeeInvis +   s - +10 short sword "Vyuq Lud" {flame, rElec rN+ rCorr}
rCold   . . .      Faith    .   (shield restricted)
rNeg    + . .      Spirit   .   (armour restricted)
rPois   +          Reflect  .   (helmet restricted)
rElec   +          Harm     .   m - scarf {+Inv}
rCorr   +          Rampage  .   (gloves unavailable)
Will    +....                   (boots unavailable)
Stlth   +++.......              (no amulet)
HPRegen 0.14/turn               h - ring of poison resistance
MPRegen 0.18/turn               j - ring of poison resistance

@: very quick
A: very small, no large weapons, unfitting armour, see invisible, speed 3
a: Renounce Religion, Evoke Invisibility, Curse Item


You were on level 7 of the Dungeon.
You worshipped Ashenzari.
Ashenzari was noncommittal.
You visited 2 branches of the dungeon, and saw 8 of its levels.

You collected 324 gold pieces.

Inventory:

Hand Weapons
 b - a +1 whip of electrocution
 d - a +2 short sword of holy wrath
 g - a +1 war axe of electrocution
 k - a +0 scythe
 r - a +1 whip of electrocution
 s - the +10 short sword "Vyuq Lud" (weapon) {flame, rElec rN+ rCorr}
   (You found it on level 4 of the Dungeon)

   It burns those it strikes, dealing additional fire damage.
   rElec:     It insulates you from electricity.
   rN:        It protects you from negative energy.
   rCorr:     It protects you from acid and corrosion.
 v - a +0 trident
Missiles
 c - 42 arrows
 A - 35 sling bullets
Armour
 a - a +0 robe
 e - a +0 robe
 f - a +2 robe of the Archmagi
 l - a +0 robe
 m - a scarf of invisibility (worn)
 n - a +3 scale mail of fire resistance
 w - a +1 robe of fire resistance
 D - a +0 plate armour
Jewellery
 h - a ring of poison resistance (left hand)
 j - a ring of poison resistance (right hand)
Wands
 i - a wand of flame (23)
 q - a wand of iceblast (2) (quivered)
 t - a wand of charming (5)
Scrolls
 o - 3 scrolls of noise
 p - 2 scrolls of identify
 u - a scroll of enchant armour
 y - a scroll of silence {unknown}
 C - a scroll of fear {unknown}
Potions
 x - a potion of mutation {unknown}
 z - 2 potions of might
 B - a potion of heal wounds {unknown}
 E - 3 potions of ambrosia


   Skills:
 + Level 1.6 Fighting
 + Level 4.4 Short Blades
 + Level 4.3 Dodging
 + Level 5.4 Stealth
 + Level 9.6 Spellcasting
 + Level 1.0 Conjurations
 + Level 5.9 Transmutations
 + Level 1.2 Fire Magic
 + Level 1.1 Air Magic
 + Level 8.7 Poison Magic
 + Level 2.6 Evocations


You had 4 spell levels left.
You knew the following spells:

 Your Spells              Type           Power      Damage    Failure   Level
a - Sting                 Tmut/Pois      100%       1d8       1%          1
b - Poisonous Vapours     Pois/Air       56%        N/A       1%          2
c - Mephitic Cloud        Conj/Pois/Air  23%        N/A       5%          3
d - Olgreb's Toxic Radia  Pois           42%        N/A       1%          4
e - Alistair's Intoxicat  Tmut/Pois      24%        N/A       11%         5
f - Ignite Poison         Fire/Tmut/Pois 29%        N/A       2%          3
g - Freezing Cloud        Conj/Ice/Air   5%         6-21      85%         5

Your spell library contained the following spells:

 Spells                   Type           Power      Damage    Failure   Level
 Eringya's Noxious Bog    Tmut/Pois      18%        N/A       50%         6
 Borgnjor's Vile Clutch   Necr/Erth      4%         N/A       91%         5


Dungeon Overview and Level Annotations

Branches:
Dungeon (7/15)             Temple (1/1) D:5

Altars:
Ashenzari
Cheibriados
Dithmenos
Elyvilon
Fedhas
Hepliaklqana
Kikubaaqudgha
Makhleb
Nemelex Xobeh
Okawaru
Qazlal
Sif Muna
Trog
Uskayaw
Vehumet
Wu Jian
Xom
Yredelemnul
Zin

Shops:
D:1 [


Innate Abilities, Weirdness & Mutations

You are very small and have problems with some larger weapons.
You are too small for most types of armour.
You have supernaturally acute eyesight. (SInv)
You cover ground extremely quickly. (Speed+++)


Message History

You see here 20 sling bullets.
A - 20 sling bullets
There is a transporter here.
There are no items here.
You enter the transporter and appear at another place.
There is a transporter here.
A - 35 sling bullets (gained 15)
There is a stone staircase leading down here.
You can't go up here!
You climb downwards.
There is a stone staircase leading up here.
Casting: Sting (safe; 1% risk of failure)
Confirm with . or Enter, or press ? or * to list all spells.
You begin to radiate toxic energy.
Your toxic aura wanes.
You hit the gargoyle. You burn the gargoyle.
The gargoyle is lightly damaged.
The gargoyle hits you with a +0 morningstar!
Found 10 gold pieces.
Casting: Olgreb's Toxic Radiance (dangerous; 1% risk of failure)
Confirm with . or Enter, or press ? or * to list all spells.
Okay, then.
Unknown command.
Casting: Olgreb's Toxic Radiance (dangerous; 1% risk of failure)
Confirm with . or Enter, or press ? or * to list all spells.
You can't see any susceptible monsters within range! (Use Z to cast anyway.)
Casting: Olgreb's Toxic Radiance (dangerous; 1% risk of failure)
Confirm with . or Enter, or press ? or * to list all spells.
You don't know that spell.
Casting: Olgreb's Toxic Radiance (dangerous; 1% risk of failure)
Confirm with . or Enter, or press ? or * to list all spells.
The spell is potentially lethal to cast (85% risk of failure)!
Continue anyway?
Aiming: Freezing Cloud (potentially lethal; 85% risk of failure)
Press: ? - help, Dir - move target The gargoyle hurls a stone arrow at you.
The stone arrow misses you.
The gargoyle hurls a stone arrow at you.
The stone arrow hits you!!
Ouch! That really hurt!
You die...

################.#
..$....@°○°○<....#
.##.###.°○○○..#.##
#.9.....#
#.......#
#.........#
#.......###
#.......#
#.......#
#.#######


You could see a gargoyle.

Vanquished Creatures
  The ghost of passata the Bolt Thrower, a novice FoHu of Okawaru (D:6)
  Pikel (D:4)
  A queen bee (D:6)
  A hornet (D:6)
  Prince Ribbit (D:5)
  Sigmund (D:3)
  Menkaure (D:5)
  Duvessa (D:5)
  3 sky beasts
  2 necrophages
  An ogre (D:4)
  4 lemures (D:4)
  A phantom (D:5)
  A scorpion (D:6)
  6 killer bees (D:6)
  3 centaur zombies (D:5)
  3 centaur skeletons
  2 bullfrog zombies (D:5)
  Terence (D:3)
  Jessica (D:3)
  Ijyb (D:3)
  A scorpion zombie (D:5)
  2 orc wizards (D:6)
  Natasha (thrice) (D:3)
  4 gnolls (D:4)
  4 adders
  An ufetubus (D:6)
  2 worms (D:2)
  A dart slug (D:3)
  9 orcs
  6 ball pythons
  4 bats
  3 endoplasms
  4 giant cockroaches
  8 hobgoblins
  10 kobolds
  2 quokkas
  4 frilled lizards
  11 goblins
  5 rats
121 creatures vanquished.

Vanquished Creatures (collateral kills)
  Dowan (D:5)
  A hound (D:5)
2 creatures vanquished.

Vanquished Creatures (others)
  A killer bee zombie (D:6)
  4 fungi (D:1)
5 creatures vanquished.

Grand Total: 128 creatures vanquished

Notes
Turn   | Place    | Note
-------+----------+-------------------------------------------
     0 | D:1      | kuralesov1213 the Spriggan Venom Mage began the quest for
                  | the Orb.
     0 | D:1      | Reached XP level 1. HP: 9/9 MP: 5/5
   279 | D:1      | Reached skill level 3 in Spellcasting
   286 | D:1      | Reached XP level 2. HP: 12/13 MP: 0/7
   289 | D:1      | Learned a level 2 spell: Poisonous Vapours
   664 | D:1      | Found Iceda's Armour Emporium.
  1452 | D:2      | Reached XP level 3. HP: 10/16 MP: 6/8
  2180 | D:3      | Noticed a sky beast
  2210 | D:3      | Killed a sky beast
  2211 | D:3      | Reached skill level 4 in Spellcasting
  2211 | D:3      | Reached XP level 4. HP: 13/21 MP: 3/11
  2211 | D:3      | Reached XP level 5. HP: 14/24 MP: 3/12
  2227 | D:3      | Learned a level 3 spell: Mephitic Cloud
  2232 | D:3      | Learned a level 4 spell: Olgreb's Toxic Radiance
  2444 | D:3      | Noticed Jessica
  2451 | D:3      | Killed Jessica
  2666 | D:3      | Noticed Natasha
  2680 | D:3      | Killed Natasha
  2869 | D:3      | Noticed Ijyb
  2876 | D:3      | Killed Ijyb
  3207 | D:3      | Found a faded altar of an unknown god.
  3294 | D:3      | Noticed Sigmund
  3886 | D:3      | Noticed Natasha
  3901 | D:3      | Killed Natasha
  3902 | D:3      | Reached XP level 6. HP: 20/28 MP: 8/14
  3956 | D:3      | Reached skill level 5 in Spellcasting
  3966 | D:3      | Learned a level 5 spell: Alistair's Intoxication
  3979 | D:3      | Noticed Natasha
  3987 | D:3      | Killed Natasha
  4412 | D:3      | Reached skill level 5 in Poison Magic
  4466 | D:3      | Killed Sigmund
  4707 | D:3      | Noticed Terence
  4720 | D:3      | Killed Terence
  4721 | D:3      | Reached skill level 1 in Air Magic
  4968 | D:4      | Noticed Pikel
  5025 | D:4      | Killed Pikel
  5026 | D:4      | Reached skill level 7 in Spellcasting
  5026 | D:4      | Reached XP level 7. HP: 13/32 MP: 4/18
  5190 | D:4      | Learned a level 3 spell: Ignite Poison
  5426 | D:4      | Reached XP level 8. HP: 29/36 MP: 10/19
  5434 | D:4      | Identified the +10 short sword "Vyuq Lud" {flame, rElec rN+
                  | rCorr}
  5623 | D:4      | Identified the +1 robe of the Wilderness {rN+}
  5926 | D:5      | Entered Level 5 of the Dungeon
  5937 | D:5      | Upgraded the game from 0.28-a0-852-gbbce81c95b to
                  | 0.28-a0-862-g58c29a6370
  6248 | D:5      | Found a broken altar of Ashenzari.
  6279 | D:5      | Became a worshipper of Ashenzari the Shackled
  6322 | D:5      | Noticed Dowan
  6323 | D:5      | Noticed Duvessa
  6337 | D:5      | Killed Duvessa
  6338 | D:5      | Reached skill level 1 in Fighting
  6338 | D:5      | Reached skill level 1 in Short Blades
  6338 | D:5      | Reached skill level 1 in Evocations
  6351 | D:5      | Killed Dowan
  6683 | D:5      | Noticed Menkaure
  6691 | D:5      | Killed Menkaure
  6692 | D:5      | Reached skill level 8 in Spellcasting
  6699 | D:5      | Learned a level 5 spell: Freezing Cloud
  7099 | D:5      | Reached skill level 5 in Stealth
  7206 | D:5      | Noticed Prince Ribbit
  7230 | D:5      | Killed Prince Ribbit
  7231 | D:5      | Reached skill level 1 in Conjurations
  7231 | D:5      | Reached XP level 9. HP: 41/41 MP: 12/22
  7272 | D:5      | Found a snail-covered altar of Cheibriados.
  7272 | D:5      | Found an iron altar of Okawaru.
  7323 | D:5      | Found a staircase to the Ecumenical Temple.
  7335 | Temple   | Entered the Ecumenical Temple
  7986 | D:6      | Reached skill level 5 in Transmutations
  8692 | D:6      | Found a transporter.
  8693 | D:6      | Found a transporter.
  8694 | D:6      | Noticed passata's ghost (novice FoHu)
  8709 | D:6      | Noticed a queen bee
  9022 | D:6      | Killed a queen bee
  9023 | D:6      | Reached skill level 9 in Spellcasting
  9070 | D:6      | HP: 2/41 [passata's ghost (5)]
  9078 | D:6      | Killed passata's ghost
  9079 | D:6      | Reached skill level 1 in Fire Magic
  9614 | D:7      | Noticed a gargoyle
  9625 | D:7      | Killed from afar by a gargoyle

Illustrated notes

Levels and vault maps discovered:
D:1:      scummos_arrival_checkerplants, layout_loops_ring, serial_shops,
          nicolae_square_shop
D:2:      minmay_general_purpose_star, layout_loops_ring, st_stairs_8
D:3:      layout_loops_corners, hellmonk_ecumenical_altar_leap_of_faith,
          hangedman_decor_opposing, chequers_serial_rivers_large_a, uniq_ijyb,
          uniq_jessica, uniq_natasha, uniq_terence, uniq_sigmund
D:4:      layout_basic, minmay_fountain_box, hangedman_decor_points, uniq_pikel
D:5:      layout_basic, mainiacjoe_overflow_paths,
          gammafunk_temple_overflow_pools, temple_hall, uniq_prince_ribbit1,
          uniq_duvessa, uniq_menkaure
D:6:      layout_loops_cross, gammafunk_ghost_hive
D:7:      layout_rooms, minmay_ruined_shrine, uniq_crazy_yiuf_cottage
Temple:   nicolae_temple_x_marks_the_god

Skill      XL: |  1  2  3  4  5  6  7  8  9 |
---------------+----------------------------+-----
Spellcasting   | 3 4 7 8 9 |  9.6
Dodging        | 3 4 |  4.3
Transmutations | 2 3 4 5 |  5.9
Poison Magic   | 4 6 7 8 |  8.7
Air Magic      | 1 |  1.1
Stealth        | 4 5 |  5.4
Fighting       | 1 |  1.6
Short Blades   | 3 4 |  4.4
Evocations     | 2 |  2.6
Conjurations   | 1 |  1.0
Fire Magic     | 1 |  1.2

Action                   |  1- 3 |  4- 6 |  7- 9 || total
-------------------------+-------+-------+-------++-------
Melee: Unarmed           |     5 |       |       ||     5
       Whip              |     9 |       |       ||     9
       Short sword       |    10 |     1 |    46 ||    57
 Cast: Sting             |    66 |    32 |    15 ||   113
       Poisonous Vapours |     1 |       |       ||     1
       Mephitic Cloud    |       |     9 |     3 ||    12
       Olgreb's Toxic Ra |       |    12 |    19 ||    31
       Ignite Poison     |       |       |     9 ||     9
       Freezing Cloud    |       |       |     1 ||     1
Evoke: Wand              |       |     1 |    23 ||    24
  Use: Scroll            |     5 |     1 |     3 ||     9
       Potion            |     2 |     1 |     7 ||    10
 Stab: Sleeping          |       |       |     2 ||     2
Armor: Robe              |     5 |       |       ||     5
Dodge: Dodged            |    50 |     6 |    55 ||   111

Table legend: (Time is in decaauts)
 A = Elapsed time spent in this place.
 B = Non-inter-level travel time spent in this place.
 C = Inter-level travel time spent in this place.
 D = Time resting spent in this place.
 E = Time spent auto-exploring this place.
 F = Levels seen in this place.
 G = Mean time per level.
                   A        B        C        D        E       F      G
               +--------+--------+--------+--------+--------+-----+--------+
         Total |   5963 |   1726 |   4237 |      0 |      0 |   8 |  745.4 |
       Dungeon |   5856 |   1716 |   4140 |      0 |      0 |   7 |  836.6 |
        Temple |    107 |     11 |     96 |      0 |      0 |   1 |  107.0 |
               +--------+--------+--------+--------+--------+-----+--------+

Top non-repeatable levels by time:
     D:3: 1673 daAuts
     D:5: 1130 daAuts
     D:6: 1014 daAuts
     D:2: 715 daAuts
     D:4: 682 daAuts
     D:1: 631 daAuts
  Temple: 107 daAuts
     D:7: 7 daAuts
